 Dungeon Crawl Stone Soup version 0.27.1-4-g1640c2035a (webtiles) character file.

Game seed: 1006766555983236152

1486 Crownlay the Digger (level 8, -2/41 HPs)
             Began as a Gargoyle Earth Elementalist on Nov 5, 2021.
             Slain by a yak (10 damage)
             ... on level 6 of the Dungeon.
             The game lasted 00:06:29 (3992 turns).

Crownlay the Digger (Gargoyle Earth Elementalist)   Turns: 3992, Time: 00:06:29

Health: -2/41      AC: 12    Str: 11    XL:     8   Next: 80%
Magic:  1/19       EV: 11    Int: 19    God:
Gold:   229        SH:  0    Dex: 10    Spells: 18/22 levels left

rFire    . . .     SeeInvis +   s - +5 scythe "Finisher" {speed, eviscerate}
rCold    . . .     Faith    .   (shield currently unavailable)
rNeg     + . .     Spirit   .   b - +0 robe
rPois    ∞         Reflect  .   (no helmet)
rElec    +         Harm     .   (no cloak)
rCorr    .         Rampage  .   (no gloves)
Will     .....                  a - +0 pair of boots
Stlth    ++........             (no amulet)
HPRegen  0.13/turn              o - +4 ring of protection
MPRegen  0.16/turn              r - ring of see invisible

@: no status effects
A: sickness immunity, AC +5, negative energy resistance 1, electricity
resistance, torment resistance 1, petrification resistance
a: no special abilities


You were on level 6 of the Dungeon.
You visited 1 branch of the dungeon, and saw 5 of its levels.

You collected 229 gold pieces.

Inventory:

Hand Weapons
 m - a +2 battleaxe of flaming
 s - the +5 scythe "Finisher" (weapon) {speed, eviscerate}
   (You found it on level 6 of the Dungeon)

   Attacks with this weapon are significantly faster.
   It may eviscerate those it strikes, slaying them instantly, with a decreasing
   chance against stronger foes.
Missiles
 c - 88 stones
Armour
 a - a +0 pair of boots (worn)
 b - a +0 robe (worn)
Magical Staves
 e - a staff of poison
 j - a staff of air
Jewellery
 o - a +4 ring of protection (left hand)
 r - a ring of see invisible (right hand)
Wands
 l - a wand of iceblast (3)
 w - a wand of flame (19)
 x - a wand of charming (6)
Scrolls
 f - 3 scrolls of identify {unknown}
 g - a scroll of amnesia {unknown}
 h - a scroll of blinking {unknown}
 k - a scroll of fear {unknown}
 n - a scroll of teleportation {unknown}
 t - a scroll of brand weapon {unknown}
Potions
 d - 3 potions of flight {unknown}
 i - a potion of haste {unknown}
 p - a potion of berserk rage {unknown}
 q - a potion of magic {unknown}
 u - a potion of might {unknown}
 v - a potion of brilliance {unknown}


   Skills:
 - Level 1.5 Dodging
 - Level 2.1 Stealth
 * Level 7.9 Spellcasting
 - Level 2.3 Transmutations
 + Level 7.9 Earth Magic


You had 18 spell levels left.
You knew the following spells:

 Your Spells              Type           Power      Damage    Failure   Level
a - Sandblast             Erth           74%        2d16      1%          1
b - Stone Arrow           Conj/Erth      44%        3d9       5%          3

Your spell library contained the following spells:

 Spells                   Type           Power      Damage    Failure   Level
 Passwall                 Tmut/Erth      22%        N/A       1%          2
 Magic Dart               Conj           28%        1d4       10%         1
 Petrify                  Tmut/Erth      27%        N/A       11%         4
 Searing Ray              Conj           14%        3d3       14%         2
 Fulminant Prism          Conj/Hex       3%         3d6       67%         4


Dungeon Overview and Level Annotations

Branches:
Dungeon (4/15)
 Temple: D:4-7

Altars:
Trog


Innate Abilities, Weirdness & Mutations

You are immune to sickness and miasma.
Your stone body is resilient. (AC +5)
You are immune to poison.
You resist negative energy. (rN+)
You are resistant to electric shocks. (rElec)
You are resistant to unholy torment.
You are immune to petrification.


Message History

The yak barely misses you.
You slash the yak!
You kill the yak!
The yak snorts and paws the ground.
You slash the hound!
The hound is heavily wounded.
The hound bites you but does no damage. The hound bites you.
You closely miss the hound.
The hound is heavily wounded.
The hound barely misses you. The hound closely misses you.
The hound bites you but does no damage.
You closely miss the hound.
The hound is heavily wounded.
The hound bites you.
* * * LOW HITPOINT WARNING * * *
The hound bites you but does no damage.
You hit the hound.
The hound is almost dead.
The hound bites you.
* * * LOW HITPOINT WARNING * * *
You closely miss the hound.
The hound is almost dead.
The hound closely misses you. The hound barely misses you.
You closely miss the hound.
The hound is almost dead.
The hound bites you.
* * * LOW HITPOINT WARNING * * *
The hound bites you but does no damage.
You slash the hound!
You kill the hound!
The yak misses you.
Casting: Sandblast (safe; 1% risk of failure)
Confirm with . or Enter, or press ? or * to list all spells.
Aiming: Sandblast (safe; 1% risk of failure)
Press: ? - help, Shift-Dir - straight line, f - yak
Aim: a yak (89% to hit)
The blast of sand hits the yak!
The yak is moderately wounded.
The yak gores you!
You die...

...... ..............
.:)..###..............
.....................
Y...... ...... ..... ###
#### .Z. ..# #... #Y#
#.# #... #Y# #.# #...
#####@##### #.# #...
#...'.'...# #.## #...
#.###.###.# #..####...
#.# #.# #.........
###+###.###'###.........
+.............'.........
###+###.###'###........#
#.# #.# #........#
#.###.###.# #.......##


You could see 2 yaks and a bullfrog skeleton.

Vanquished Creatures
  Grinder (D:6)
  4 yaks (D:6)
  A necrophage (D:4)
  2 ogres
  A kobold brigand (D:6)
  A jelly (D:6)
  A howler monkey (D:4)
  2 hounds
  A bullfrog skeleton (D:6)
  An iguana (D:4)
  An orc wizard (D:3)
  7 adders
  2 worms
  2 dart slugs (D:3)
  8 orcs
  6 bats
  9 endoplasms
  8 giant cockroaches
  4 hobgoblins
  3 quokkas
  9 ball pythons
  4 frilled lizards
  8 goblins
  9 kobolds
  6 rats
101 creatures vanquished.

Vanquished Creatures (others)
  A plant (D:3)
1 creature vanquished.

Grand Total: 102 creatures vanquished

Notes
Turn   | Place    | Note
-------+----------+-------------------------------------------
     0 | D:1      | Crownlay the Gargoyle Earth Elementalist began the quest
                  | for the Orb.
     0 | D:1      | Reached XP level 1. HP: 10/10 MP: 3/3
   155 | D:1      | Found a faded altar of an unknown god.
   192 | D:1      | Reached skill level 1 in Transmutations
   192 | D:1      | Reached XP level 2. HP: 15/15 MP: 0/5
   710 | D:2      | Reached XP level 3. HP: 19/19 MP: 1/7
  1077 | D:2      | Learned a level 3 spell: Stone Arrow
  1136 | D:2      | Reached XP level 4. HP: 24/24 MP: 4/8
  2429 | D:3      | Reached XP level 5. HP: 28/28 MP: 10/10
  3046 | D:4      | Found a bloodstained altar of Trog.
  3060 | D:4      | Reached skill level 5 in Earth Magic
  3060 | D:4      | Reached XP level 6. HP: 27/32 MP: 12/12
  3153 | D:4      | Noticed a necrophage
  3167 | D:4      | Killed a necrophage
  3168 | D:4      | Reached skill level 5 in Spellcasting
  3168 | D:4      | Reached XP level 7. HP: 23/36 MP: 5/14
  3292 | D:4      | You fall into a shaft and drop 2 floors!
  3297 | D:6      | Found the +5 scythe "Finisher" {speed, eviscerate}
  3531 | D:6      | Noticed Grinder
  3536 | D:6      | Paralysed by Grinder for 3 turns
  3540 | D:6      | Killed Grinder
  3611 | D:6      | Reached XP level 8. HP: 13/41 MP: 11/17
  3959 | D:6      | Noticed a yak
  3959 | D:6      | Noticed a yak
  3959 | D:6      | Noticed a yak
  3959 | D:6      | Noticed a yak
  3959 | D:6      | Noticed a yak
  3960 | D:6      | Noticed a yak
  3971 | D:6      | Killed a yak
  3973 | D:6      | Killed a yak
  3980 | D:6      | Killed a yak
  3984 | D:6      | Killed a yak
  3992 | D:6      | Slain by a yak

Illustrated notes

Levels and vault maps discovered:
D:1:      minmay_arrival_arboretum_small, layout_rooms,
          shapermc_ecumenical_altar_pompeii, minmay_tripent
D:2:      layout_rooms
D:3:      layout_loops_ring, serial_bayou_ford_a, nrook_uturn,
          minmay_misc_feat_diagonals, minmay_circle_x
D:4:      minmay_angry_zag, layout_cave_pools, ashenzari_conservatory_becter,
          kennysheep_mini
D:6:      layout_basic, temple_green, nrook_mini_vaults,
          kennysheep_decorative_pillar, kennysheep_path_1, minmay_door_square,
          uniq_menkaure, uniq_grinder

Skill      XL: |  1  2  3  4  5  6  7  8 |
---------------+-------------------------+-----
Transmutations | 1 2 |  2.3
Earth Magic    | 4 5 6 7 |  7.9
Spellcasting   | 3 4 5 6 7 |  7.9
Dodging        | |  1.5
Stealth        | |  2.1

Action                   |  1- 3 |  4- 6 |  7- 9 || total
-------------------------+-------+-------+-------++-------
Melee: Unarmed           |     9 |       |       ||     9
       Staff             |    28 |    54 |       ||    82
       Battleaxe         |       |    69 |     2 ||    71
       Scythe            |       |       |    34 ||    34
 Cast: Sandblast         |    38 |    26 |    31 ||    95
       Stone Arrow       |       |       |     3 ||     3
 Stab: Sleeping          |       |     2 |       ||     2
Armor: Robe              |    20 |    69 |    28 ||   117
Dodge: Dodged            |    31 |   110 |    43 ||   184
